[Event "98th Caplin Hastings Masters 2024-25"]
[Site "Hastings"]
[Date "2024.12.28"]
[Round "1.26"]
[White "Badacsonyi, Stanley"]
[Black "Marusenko, Petr"]
[Result "1-0"]
[ECO "E73"]
[WhiteElo "2266"]
[BlackElo "2021"]
[Annotator "RC"]
[PlyCount "95"]
[EventDate "2024.12.23"]
[EventType "swiss"]
[EventCountry "ENG"]
[SourceTitle "playchess.com"]
[Source "ChessBase"]
[SourceQuality "1"]
[TimeControl "5400+30"]

1. d4 Nf6 2. c4 g6 3. Nc3 Bg7 4. e4 O-O 5. Be3 d6 6. Be2 Nbd7 7. g4 e5 8. d5 a5 9. h4 Nc5 10. f3 h5 11. g5 Nfd7 12. Nh3 Qe7 13. Qd2 Nb6 14. O-O-O Bd7 15. Kb1 Nba4 16. Nb5 Bxb5 17. cxb5 Nb6 18. Bxc5 dxc5 19. d6 Qd8 20. dxc7 Qxc7 21. Qd6 Rac8 22. Rd2 Rfe8 23. Qxc7 Rxc7 24. Rd6 Nc8 25. b6 Nxd6 26. bxc7 Rc8 27. Rd1 Bf8 28. Rd5 Rxc7 29. Rxe5 b5 30. Rd5 Nc4 31. Bxc4 bxc4 32. Kc2 Rb7 33. Nf2 Bg7 34. e5 a4 35. Ne4 a3 36. bxa3 Ra7 37. Rxc5 Rxa3 38. Nc3 Kf8 39. f4 Ke7 40. Rxc4 Ke6 41. Rc8 Ke7 42. Kb2 Ra7 43. a4 Rd7 44. Kb3 Bf8 45. a5 Rd8 46. Rxd8 Kxd8 47. Ne4 Kd7 48. Nd6 1-0

[Event "98th Caplin Hastings Masters 2024-25"]
[Site "Hastings"]
[Date "2024.12.28"]
[Round "1.27"]
[White "Kolka, David"]
[Black "Keely, Leo A"]
[Result "1-0"]
[ECO "A45"]
[WhiteElo "2020"]
[BlackElo "1899"]
[Annotator "NA RC"]
[PlyCount "79"]
[EventDate "2024.12.23"]
[EventType "swiss"]
[EventCountry "ENG"]
[SourceTitle "playchess.com"]
[Source "ChessBase"]
[SourceQuality "1"]
[TimeControl "5400+30"]

1. d4 Nf6 2. Bg5 d5 3. e3 Ne4 4. Bf4 c5 5. Nd2 Qa5 6. c3 Nxd2 7. Qxd2 cxd4 8. exd4 Nc6 9. Bd3 Bg4 10. Ne2 Bh5 11. Ng3 Bg6 12. Nf5 O-O-O 13. b4 Qa3 14. Qc2 b5 15. Bxb5 e6 16. Bxc6 Bxf5 17. Qb3 Qa6 18. b5 Qb6 19. Rd1 Bd6 20. Be3 Qa5 21. O-O Qa3 22. Rd2 Kc7 23. c4 Bb4 24. Rb2 Qxb3 25. Rxb3 Be7 26. Bf4+ Bd6 27. Bxd6+ Kxd6 28. c5+ Kc7 29. Ra3 Rb8 30. Rxa7+ Kd8 31. Rxf7 h5 32. Rxg7 h4 33. h3 Rh7 34. Rxh7 Bxh7 35. a4 Kc7 36. Re1 Rg8 37. Rxe6 Be4 38. b6+ Kd8 39. Re8+ Rxe8 40. Bxe8 1-0

[Event "98th Caplin Hastings Masters 2024-25"]
[Site "Hastings"]
[Date "2024.12.28"]
[Round "1.28"]
[White "Rastogi, Nayan Keats"]
[Black "Rida, Ruqayyah"]
[Result "1/2-1/2"]
[ECO "C78"]
[WhiteElo "1892"]
[BlackElo "2019"]
[Annotator "RC"]
[PlyCount "63"]
[EventDate "2024.12.23"]
[EventType "swiss"]
[EventCountry "ENG"]
[SourceTitle "playchess.com"]
[Source "ChessBase"]
[SourceQuality "1"]
[TimeControl "5400+30"]

1. e4 e5 2. Nf3 Nc6 3. Bb5 a6 4. Ba4 Nf6 5. O-O b5 6. Bb3 Bc5 7. c3 d6 8. d4 Bb6 9. a4 Rb8 10. axb5 axb5 11. Na3 O-O 12. Nxb5 Bg4 13. Bc2 Re8 14. Re1 h6 15. dxe5 Nxe5 16. Nbd4 Nfd7 17. Ba4 Qf6 18. Bxd7 Bxd7 19. Nxe5 dxe5 20. Nf3 Red8 21. Qe2 Bc6 22. Qc2 Rd6 23. Be3 Rbd8 24. Bxb6 cxb6 25. Re3 g5 26. Re2 Qe7 27. Nd2 Qe6 28. Nf1 Bb5 29. Rd2 Bd3 30. Qa4 b5 31. Qb4 Bxf1 32. Rxd6 1/2-1/2

[Event "98th Caplin Hastings Masters 2024-25"]
[Site "Hastings"]
[Date "2024.12.28"]
[Round "1.29"]
[White "Bhatia, Kanishka"]
[Black "Dewangan, Aayush"]
[Result "0-1"]
[ECO "B51"]
[WhiteElo "2018"]
[BlackElo "1878"]
[Annotator "RC"]
[PlyCount "95"]
[EventDate "2024.12.23"]
[EventType "swiss"]
[EventCountry "ENG"]
[SourceTitle "playchess.com"]
[Source "ChessBase"]
[SourceQuality "1"]
[TimeControl "5400+30"]

1. e4 c5 2. Nf3 d6 3. Bb5+ Nd7 4. c4 a6 5. Bxd7+ Qxd7 6. d4 cxd4 7. Nxd4 e5 8. Nf3 f5 9. Nc3 Nf6 10. exf5 Qxf5 11. O-O Be7 12. Bg5 Be6 13. Bxf6 gxf6 14. Nd5 Rc8 15. Qd2 Rg8 16. Ne1 Qe4 17. Rd1 Rc6 18. b3 f5 19. Qh6 Kd7 20. f3 Qh4 21. Qd2 b6 22. Nd3 Qd4+ 23. Kh1 Bxd5 24. cxd5 Rc3 25. Qe2 b5 26. f4 Qe4 27. Qxe4 fxe4 28. Nb4 a5 29. Nc6 e3 30. Rde1 Rf8 31. g3 exf4 32. gxf4 Bh4 33. Re2 Rd3 34. Rg1 Rf7 35. Rg4 Bf2 36. Kg2 Rxd5 37. Nxa5 Rd2 38. Kf3 h5 39. Rg5 Rxf4+ 40. Kxf4 Rxe2 41. Kf3 Rxa2 42. Rxb5 Bg1 43. Rg5 Rf2+ 44. Ke4 e2 45. Rg7+ Ke8 46. Rxg1 Rf1 47. Kd3 e1=Q 48. Kd4 0-1

[Event "98th Caplin Hastings Masters 2024-25"]
[Site "Hastings"]
[Date "2024.12.28"]
[Round "1.30"]
[White "Pick, Freddie"]
[Black "White, Stuart A"]
[Result "1-0"]
[ECO "C07"]
[WhiteElo "1874"]
[BlackElo "2017"]
[Annotator "NA RC"]
[PlyCount "61"]
[EventDate "2024.12.23"]
[EventType "swiss"]
[EventCountry "ENG"]
[SourceTitle "playchess.com"]
[Source "ChessBase"]
[SourceQuality "1"]
[TimeControl "5400+30"]

1. e4 e6 2. d4 d5 3. Nd2 c5 4. exd5 Qxd5 5. Ngf3 cxd4 6. Bc4 Qd6 7. O-O Nf6 8. Nb3 Nc6 9. Nbxd4 Nxd4 10. Nxd4 a6 11. Re1 Qc7 12. Bb3 Bd6 13. Nf5 Bxh2+ 14. Kh1 O-O 15. Nxg7 Rd8 16. Qf3 Kxg7 17. Bh6+ Kg6 18. c3 Nh5 19. Re4 Kxh6 20. Rh4 Qe5 21. g4 Qf4 22. Rxh5+ Kg7 23. Qh3 Bd7 24. Rxh7+ Kf8 25. Rh8+ Ke7 26. Qh4+ f6 27. Rh7+ Kd6 28. Rd1+ Kc7 29. Qxh2 Qxh2+ 30. Kxh2 b5 31. Bxe6 1-0

[Event "98th Caplin Hastings Masters 2024-25"]
[Site "Hastings"]
[Date "2024.12.28"]
[Round "1.31"]
[White "Rayner, Francis"]
[Black "Ruane, Brendan J"]
[Result "1/2-1/2"]
[ECO "A04"]
[WhiteElo "2013"]
[BlackElo "1869"]
[Annotator "NA RC"]
[PlyCount "71"]
[EventDate "2024.12.23"]
[EventType "swiss"]
[EventCountry "ENG"]
[SourceTitle "playchess.com"]
[Source "ChessBase"]
[SourceQuality "1"]
[TimeControl "5400+30"]

1. Nf3 Nc6 2. d4 d6 3. d5 Ne5 4. Nxe5 dxe5 5. e4 Nf6 6. Nc3 e6 7. Bb5+ Bd7 8. dxe6 fxe6 9. Bc4 Bc5 10. O-O O-O 11. Qe2 Qe8 12. Be3 Bd4 13. Bxd4 exd4 14. Nb5 Bxb5 15. Bxb5 Qg6 16. Bc4 Kh8 17. e5 Nh5 18. Bd3 Nf4 19. Qf3 Nxd3 20. Qxd3 Qxd3 21. cxd3 Rf5 22. Rac1 c6 23. Rfe1 Raf8 24. f3 g5 25. Re4 Rf4 26. Rc4 Rd8 27. Kf2 Rd5 28. b4 a5 29. a3 axb4 30. axb4 Rxe4 31. fxe4 Rxe5 32. Rxd4 Rb5 33. Rc4 Kg7 34. Ke3 Kf6 35. g4 e5 36. h3 1/2-1/2

[Event "98th Caplin Hastings Masters 2024-25"]
[Site "Hastings"]
[Date "2024.12.28"]
[Round "1.32"]
[White "Stokes, Stephen"]
[Black "Malinovskii, Ilia"]
[Result "0-1"]
[ECO "D05"]
[WhiteElo "1866"]
[BlackElo "2003"]
[Annotator "NA RC"]
[PlyCount "70"]
[EventDate "2024.12.23"]
[EventType "swiss"]
[EventCountry "ENG"]
[SourceTitle "playchess.com"]
[Source "ChessBase"]
[SourceQuality "1"]
[TimeControl "5400+30"]

1. d4 d5 2. Nf3 Nf6 3. e3 e6 4. Bd3 b6 5. Ne5 Bb7 6. Nd2 Bd6 7. f4 Nbd7 8. Qf3 c5 9. c3 Qc7 10. O-O c4 11. Bc2 b5 12. a3 Nb6 13. g4 O-O-O 14. a4 bxa4 15. Bxa4 Ng8 16. Qh3 Nh6 17. Bc2 f6 18. g5 fxe5 19. Qxe6+ Kb8 20. fxe5 Be7 21. gxh6 Bc8 22. Qf7 Rhf8 23. Qh5 gxh6 24. Rxf8 Rxf8 25. Qxh6 Rg8+ 26. Kh1 Bg5 27. Qxh7 Rg7 28. Qh8 Qf7 29. e6 Bxe3 30. Qxg7 Qxg7 31. Nf3 Qf6 32. Kg2 Bxc1 33. Rxc1 Bxe6 34. Rf1 Qf4 35. Ne5 Bh3+ 0-1

[Event "98th Caplin Hastings Masters 2024-25"]
[Site "Hastings"]
[Date "2024.12.28"]
[Round "1.33"]
[White "Adams, Henry"]
[Black "Kim, Taewoo A"]
[Result "1-0"]
[ECO "D02"]
[WhiteElo "1991"]
[BlackElo "1863"]
[Annotator "NA"]
[PlyCount "144"]
[EventDate "2024.12.23"]
[EventType "swiss"]
[EventCountry "ENG"]
[SourceTitle "playchess.com"]
[Source "ChessBase"]
[SourceQuality "1"]
[TimeControl "5400+30"]

1. d4 d5 2. Nf3 Bf5 3. g3 e6 4. Bg2 h6 5. O-O Nf6 6. c4 c6 7. Nc3 Nbd7 8. Nd2 Be7 9. e4 dxe4 10. Ndxe4 O-O 11. Qe2 Nxe4 12. Nxe4 Nf6 {[%emt 0:00:47] D11: Slav Defence: 3 Nf3 sidelines and 3...Nf6 4 e3 Bg4.} 13. Rd1 Nxe4 14. Bxe4 Bxe4 15. Qxe4 Qc7 16. Bf4 Bd6 17. Bd2 a5 18. Rac1 Qe7 19. Qg4 Qf6 20. d5 exd5 21. cxd5 cxd5 22. Be3 Be5 23. Rxd5 Rfd8 24. Rb5 Bd4 25. Rxb7 Bxe3 26. fxe3 Rd2 27. Rf1 Qc6 28. Qf3 Qxf3 29. Rxf3 Rc8 30. Rbxf7 Rcc2 31. Rf2 Rxb2 32. Rf8+ Kh7 33. Rxd2 Rxd2 34. Rf2 Rd3 35. Re2 Kg6 36. Kf2 Kf5 37. Kf3 g5 38. g4+ Ke5 39. Rb2 a4 40. Rb5+ Kf6 41. Rb6+ Kg7 42. Rb2 Kf6 43. Ke4 Ra3 44. Kd4 Ke6 45. e4 Rh3 46. Rb6+ Kd7 47. Rb2 Ke6 48. e5 Rh4 49. Rb6+ Ke7 50. Kd5 Rxh2 51. Rb7+ Kd8 52. a3 Ra2 53. Kd6 Kc8 54. Rc7+ Kd8 55. Rc3 Rd2+ 56. Ke6 Rd4 $1 57. Rg3 Rd2 58. Rh3 Rb2 $18 (58... Rd4 $1 $11) 59. Rd3+ Ke8 60. Rd4 Rb6+ 61. Kf5 Ra6 62. Rd6 Ra5 63. Rxh6 Kd7 64. Rb6 Kc7 65. Rb4 Kc6 66. Kf6 Kd5 67. e6 Ra6 68. Rb5+ Kc4 69. Rb8 Rd6 70. Kf7 Rd3 71. e7 Rf3+ 72. Kg6 Kd5 1-0

[Event "98th Caplin Hastings Masters 2024-25"]
[Site "Hastings"]
[Date "2024.12.28"]
[Round "1.34"]
[White "Buckland, Louis"]
[Black "Zhu, Yaoyao"]
[Result "1/2-1/2"]
[ECO "D30"]
[WhiteElo "1856"]
[BlackElo "1990"]
[Annotator "NA RC"]
[PlyCount "29"]
[EventDate "2024.12.23"]
[EventType "swiss"]
[EventCountry "ENG"]
[SourceTitle "playchess.com"]
[Source "ChessBase"]
[SourceQuality "1"]
[TimeControl "5400+30"]

1. d4 d5 2. c4 e6 3. g3 dxc4 4. Bg2 c5 5. Nf3 Nc6 6. Qa4 cxd4 7. Nxd4 Qxd4 8. Bxc6+ Bd7 9. Be3 Bxc6 10. Qxc6+ bxc6 11. Bxd4 Bb4+ 12. Nc3 Nf6 13. Rc1 O-O 14. O-O Nd7 15. Na4 1/2-1/2

[Event "98th Caplin Hastings Masters 2024-25"]
[Site "Hastings"]
[Date "2024.12.28"]
[Round "1.35"]
[White "Gu In-Jung"]
[Black "Kennedy, Craig"]
[Result "1/2-1/2"]
[ECO "A13"]
[WhiteElo "1987"]
[BlackElo "1851"]
[Annotator "NA RC"]
[PlyCount "48"]
[EventDate "2024.12.23"]
[EventType "swiss"]
[EventCountry "ENG"]
[SourceTitle "playchess.com"]
[Source "ChessBase"]
[SourceQuality "1"]
[TimeControl "5400+30"]

1. c4 e6 2. Nf3 f5 3. g3 Nf6 4. Bg2 c6 5. O-O d5 6. b3 Bd6 7. d3 e5 8. cxd5 cxd5 9. Nc3 Nc6 10. Bg5 Be6 11. e4 fxe4 12. dxe4 d4 13. Nd5 Be7 14. Nxe7 Qxe7 15. Nh4 O-O 16. f4 Qe8 17. fxe5 Ng4 18. Nf5 Ngxe5 19. Qd2 Qd7 20. Rae1 Rae8 21. Bf4 Rd8 22. Bg5 Rde8 23. Bf4 Rd8 24. Bg5 Rde8 1/2-1/2

[Event "98th Caplin Hastings Masters 2024-25"]
[Site "Hastings"]
[Date "2024.12.28"]
[Round "1.37"]
[White "Zhang, Kendrick Botong"]
[Black "Flynn, David"]
[Result "1-0"]
[ECO "B35"]
[WhiteElo "1979"]
[BlackElo "1834"]
[Annotator "NA"]
[PlyCount "109"]
[EventDate "2024.12.23"]
[EventType "swiss"]
[EventCountry "ENG"]
[SourceTitle "playchess.com"]
[Source "ChessBase"]
[SourceQuality "1"]
[TimeControl "5400+30"]

1. e4 c5 2. Nf3 Nc6 3. d4 cxd4 4. Nxd4 g6 5. Nc3 Bg7 6. Be3 Nf6 7. Bc4 O-O 8. Bb3 Re8 {[%emt 0:00:09] B35: Sicilian: Accelerated Dragon with 5 Nc3: main line.} 9. f3 d5 10. exd5 Nb4 11. Nde2 e6 12. Bd4 Nbxd5 13. Nxd5 exd5 14. O-O Bd7 15. Re1 Bc6 16. c3 a5 17. Nf4 Rxe1+ 18. Qxe1 a4 19. Bc2 a3 20. b3 Qa5 21. Qd2 Rc8 22. Rd1 Ne8 23. b4 Qc7 24. Bb3 Nf6 25. Nd3 Bb5 26. Be5 Qe7 27. Re1 Bc4 28. Bd4 Qd6 29. Bxc4 dxc4 30. Nc5 b5 31. Qc1 Ra8 32. Nb7 Qd7 33. Na5 Nd5 34. Rd1 Qe6 35. Qd2 Bxd4+ 36. Qxd4 Qe3+ 37. Qxe3 Nxe3 38. Rd7 Re8 39. Kf2 Nf5 40. Rd5 Re6 41. Rxb5 Rd6 42. Nxc4 Rd3 43. Nxa3 Rxc3 44. Ra5 Rc1 45. Rc5 Rd1 46. Rc2 Nd4 47. Rb2 Rd3 48. Nc4 Rc3 49. Nd6 Rc6 50. Ne4 f5 51. b5 Rb6 52. Nc3 Kf7 53. a4 Nc6 54. Nd5 Rb8 55. Re2 $18 1-0

[Event "98th Caplin Hastings Masters 2024-25"]
[Site "Hastings"]
[Date "2024.12.28"]
[Round "1.38"]
[White "Bryant, Marc A"]
[Black "Suez-Panama, Gilles"]
[Result "0-1"]
[ECO "A25"]
[WhiteElo "1825"]
[BlackElo "1979"]
[Annotator "NA"]
[PlyCount "88"]
[EventDate "2024.12.23"]
[EventType "swiss"]
[EventCountry "ENG"]
[SourceTitle "playchess.com"]
[Source "ChessBase"]
[SourceQuality "1"]
[TimeControl "5400+30"]

1. c4 e5 2. Nc3 Nc6 3. e4 Bc5 4. a3 a5 5. Nf3 d6 6. h3 {[%emt 0:00:06] C20: 1 e4 e5: Unusual White second moves.} f5 7. d3 Nf6 8. Bg5 h6 9. Bxf6 Qxf6 10. Nd5 Qf7 11. Qa4 O-O 12. b4 Bd4 13. Ra2 fxe4 14. Nxd4 Nxd4 15. dxe4 Be6 16. Bd3 axb4 17. Qxb4 b6 18. Rf1 Bxd5 19. cxd5 Qf4 20. Qd2 Qh2 21. f3 Ra5 22. f4 Qg3+ 23. Kd1 Rxf4 24. Rxf4 exf4 25. Qc3 Qe3 26. Qd2 Qg1+ 27. Qe1 Qh2 28. Qf2 Nb5 29. Bxb5 Rxb5 30. Rc2 Qh1+ 31. Ke2 Rb1 32. Rd2 g5 33. Kd3 Rb3+ 34. Kc4 Rxa3 $19 (34... Qb1 $142 35. Kd4 Rxa3 (35... Qa1+ $2 36. Rb2 $19) 36. Rc2 Qb5 37. Qe2 c5+ 38. dxc6 Qe5+ 39. Kc4 Qc5#) 35. Kb5 Qb1+ 36. Kc6 Rc3+ 37. Kd7 Qxe4 38. h4 Qf5+ 39. Kd8 Qf8+ 40. Kd7 Qf7+ 41. Kc8 Re3 42. hxg5 hxg5 43. g3 c5 44. dxc6 Re8# 0-1

[Event "98th Caplin Hastings Masters 2024-25"]
[Site "Hastings"]
[Date "2024.12.28"]
[Round "1.39"]
[White "Sciupokas, Arunas"]
[Black "Rubeck, Jonathan"]
[Result "0-1"]
[ECO "B01"]
[WhiteElo "1969"]
[BlackElo "1824"]
[Annotator "RC"]
[PlyCount "72"]
[EventDate "2024.12.23"]
[EventType "swiss"]
[EventCountry "ENG"]
[SourceTitle "playchess.com"]
[Source "ChessBase"]
[SourceQuality "1"]
[TimeControl "5400+30"]

1. e4 d5 2. exd5 Nf6 3. c4 e6 4. dxe6 Bxe6 5. Nf3 Nc6 6. Be2 Bc5 7. Nc3 a5 8. O-O O-O 9. d3 h6 10. Bf4 Qe7 11. Nb5 Rac8 12. d4 Rfd8 13. Qa4 Nxd4 14. Nbxd4 Bxd4 15. Nxd4 Rxd4 16. Be3 Re4 17. Qxa5 Bxc4 18. Bxc4 Rxc4 19. Rac1 Re4 20. Qf5 Re6 21. Rfd1 c6 22. h3 Ra8 23. a3 Nd5 24. Bc5 Qd7 25. Qg4 Qc7 26. Bd4 Rg6 27. Qe4 Qd7 28. Qf3 Qd6 29. Re1 Qf4 30. Qe4 Qg5 31. Be3 Qh5 32. Kf1 Nf6 33. Qd3 Ra5 34. Qd8+ Kh7 35. Qd1 Qe5 36. Bb6 Qb5+ 0-1

[Event "98th Caplin Hastings Masters 2024-25"]
[Site "Hastings"]
[Date "2024.12.28"]
[Round "1.40"]
[White "Butt, Laurence"]
[Black "Ashton, Alannah"]
[Result "0-1"]
[ECO "A45"]
[WhiteElo "1818"]
[BlackElo "1953"]
[Annotator "RC"]
[PlyCount "120"]
[EventDate "2024.12.23"]
[EventType "swiss"]
[EventCountry "ENG"]
[SourceTitle "playchess.com"]
[Source "ChessBase"]
[SourceQuality "1"]
[TimeControl "5400+30"]

1. d4 Nf6 2. Bg5 d5 3. f4 c5 4. e3 Ne4 5. c3 Nxg5 6. fxg5 e5 7. dxe5 Qxg5 8. Nf3 Qxe3+ 9. Be2 Be6 10. Qd2 Qxd2+ 11. Nbxd2 Nc6 12. Bb5 Be7 13. Bxc6+ bxc6 14. O-O O-O 15. Ne1 Rab8 16. b3 Bg5 17. Ndf3 Be3+ 18. Kh1 Bc8 19. Nc2 Bh6 20. Rfe1 Re8 21. Rad1 Bf4 22. Re2 Bf5 23. Nce1 f6 24. e6 Rxe6 25. Rxe6 Bxe6 26. Nd3 Bd6 27. Re1 Bf5 28. Nf2 Bg6 29. Nh4 Re8 30. Rxe8+ Bxe8 31. Nd3 Bg6 32. Nxg6 hxg6 33. Kg1 Kf7 34. Kf2 f5 35. g3 g5 36. Ke3 g4 37. a3 c4 38. bxc4 dxc4 39. Nb2 Bc5+ 40. Ke2 Ke6 41. a4 Kd5 42. a5 g5 43. Kf1 f4 44. Kg2 f3+ 45. Kf1 Be3 46. Ke1 Bg1 47. Kf1 Be3 48. Ke1 a6 49. Na4 Ke4 50. Nb2 Kd5 51. Na4 Ke4 52. Nb2 Bg1 53. Kf1 Bxh2 54. Kf2 Bxg3+ 55. Kxg3 Ke3 56. Nd1+ Kd2 57. Nf2 Kxc3 58. Nxg4 Kd2 59. Ne5 c3 60. Nxf3+ Kd1 0-1

[Event "98th Caplin Hastings Masters 2024-25"]
[Site "Hastings"]
[Date "2024.12.28"]
[Round "1.41"]
[White "Saunders, Aron"]
[Black "Zhou, Yang-Fan"]
[Result "1/2-1/2"]
[ECO "B40"]
[WhiteElo "2106"]
[BlackElo "2424"]
[Annotator "TA"]
[PlyCount "88"]
[EventDate "2024.12.23"]
[EventType "swiss"]
[EventCountry "ENG"]
[SourceTitle "playchess.com"]
[Source "ChessBase"]
[SourceQuality "1"]
[TimeControl "5400+30"]

1. e4 c5 2. Nf3 e6 3. b3 a6 4. Bb2 Nc6 5. Be2 Nf6 6. e5 Nd5 7. Nc3 Nxc3 8. Bxc3 d5 9. exd6 Bxd6 10. O-O e5 11. d3 O-O 12. Nd2 Nd4 13. Re1 b5 14. Bf3 Rb8 15. a4 Re8 16. axb5 axb5 17. Be4 f5 18. Bd5+ Kh8 19. g3 Bb7 20. Bxb7 Rxb7 21. Ra6 Rbe7 22. b4 (22. Nf3 $11) 22... cxb4 (22... Ne6 $15 23. Qb1 (23. Bxe5 $2 Nc7 $17) 23... Nc7 24. bxc5 Nxa6 25. cxd6 Qxd6 26. Qxb5 Nc7) 23. Bxd4 $14 exd4 24. Rxe7 Bxe7 25. Re6 {[%emt 0:04:35] Qe2 poses a challenge} Bf6 26. Rxe8+ Qxe8 {[%emt 0:00:01][%mdl 4096] Endgame KQB-KQN. Black is a pawn up.} 27. Qb1 Qe7 28. Qa2 h6 29. Nf3 Qc7 30. Qb3 Qc3 31. h4 f4 32. Kg2 Qc5 33. Nd2 Qh5 {[%emt 0:05:13] And now ...fxg3 would win.} 34. Ne4 fxg3 35. fxg3 Qe2+ 36. Kg1 Qd1+ 37. Kf2 Be5 38. Qa2 Kh7 39. Qb3 Qc1 40. Qa2 Qe3+ 41. Kg2 Qe2+ 42. Kg1 Qe3+ 43. Kg2 Qe2+ 44. Kg1 Bd6 1/2-1/2

[Event "98th Caplin Hastings Masters 2024-25"]
[Site "Hastings"]
[Date "2024.12.28"]
[Round "1.42"]
[White "Norinkeviciute, Rasa"]
[Black "Graham, Oliver"]
[Result "1-0"]
[ECO "A20"]
[WhiteElo "1952"]
[BlackElo "1789"]
[Annotator "RC"]
[PlyCount "105"]
[EventDate "2024.12.23"]
[EventType "swiss"]
[EventCountry "ENG"]
[SourceTitle "playchess.com"]
[Source "ChessBase"]
[SourceQuality "1"]
[TimeControl "5400+30"]

1. c4 e5 2. g3 Nc6 3. Bg2 Nf6 4. Nc3 a6 5. a3 Be7 6. e4 Nd4 7. d3 d6 8. h3 Be6 9. Nge2 Nxe2 10. Qxe2 Nd7 11. O-O Nc5 12. Qc2 O-O 13. b4 Nd7 14. Kh2 Rb8 15. f4 exf4 16. Bxf4 Bg5 17. Ne2 Ne5 18. Nd4 Bf6 19. Be3 Bd7 20. Rad1 Bg4 21. Rde1 Bh5 22. Nf5 Bg6 23. Rd1 Nc6 24. d4 Bxf5 25. Rxf5 Ne7 26. Rf2 Ng6 27. e5 Be7 28. exd6 Qxd6 29. d5 Bf6 30. Bc5 Qd7 31. Bxf8 Rxf8 32. Be4 b6 33. Bf5 Qd8 34. Re2 Qd6 35. c5 Qd8 36. d6 bxc5 37. bxc5 cxd6 38. Rxd6 Qa5 39. a4 Rb8 40. Qe4 Qxc5 41. Rxa6 Nf8 42. Rc6 Qa3 43. Rc8 Rxc8 44. Bxc8 g6 45. Qc4 Qf3 46. Qe4 Qc3 47. Rc2 Qa5 48. Qc4 Qe1 49. Re2 Qa1 50. Rf2 Kg7 51. Qf4 h6 52. Qxf6+ Qxf6 53. Rxf6 1-0

[Event "98th Caplin Hastings Masters 2024-25"]
[Site "Hastings"]
[Date "2024.12.28"]
[Round "1.43"]
[White "Miller, Daniel"]
[Black "Samarasinghe Jude, Ranga"]
[Result "0-1"]
[ECO "A40"]
[WhiteElo "1789"]
[BlackElo "1944"]
[Annotator "RC"]
[PlyCount "104"]
[EventDate "2024.12.23"]
[EventType "swiss"]
[EventCountry "ENG"]
[SourceTitle "playchess.com"]
[Source "ChessBase"]
[SourceQuality "1"]
[TimeControl "5400+30"]

1. d4 e6 2. Nf3 f5 3. g3 d5 4. b3 c6 5. c4 Nf6 6. Bg2 Bd6 7. O-O Qe7 8. a4 O-O 9. Ba3 Nbd7 10. Qc1 Ne4 11. Ne5 Nxe5 12. dxe5 Bxa3 13. Nxa3 Qb4 14. Bxe4 fxe4 15. Rb1 Bd7 16. e3 Be8 17. Nc2 Qe7 18. Qd1 Qg5 19. Qd4 Bh5 20. f4 exf3 21. Rf2 Rf5 22. Ne1 Raf8 23. Nd3 Bg6 24. Rbf1 R5f7 25. Nf4 Qg4 26. Rxf3 Be4 27. h3 Qg5 28. Kh2 Qh6 29. R3f2 g5 30. Nd3 Bxd3 31. Rf6 Bg6 32. cxd5 cxd5 33. Rc1 Qg7 34. Rcf1 h5 35. Qxa7 Rxf6 36. exf6 Rxf6 37. Rxf6 Qxf6 38. e4 Qb2+ 39. Kg1 Qc1+ 40. Kf2 Qd2+ 41. Kg1 Qc1+ 42. Kf2 Qb2+ 43. Kg1 Qg7 44. exd5 exd5 45. Qb8+ Kh7 46. Qa7 d4 47. Kf1 d3 48. Qe3 Qa1+ 49. Kf2 Qb2+ 50. Kg1 Qe2 51. Qxe2 dxe2 52. Kf2 Bc2 0-1

[Event "98th Caplin Hastings Masters 2024-25"]
[Site "Hastings"]
[Date "2024.12.28"]
[Round "1.44"]
[White "Mikalajunas, Kajus"]
[Black "Prudent, Sylvio"]
[Result "1-0"]
[ECO "A04"]
[WhiteElo "1941"]
[BlackElo "1780"]
[Annotator "RC"]
[PlyCount "71"]
[EventDate "2024.12.23"]
[EventType "swiss"]
[EventCountry "ENG"]
[SourceTitle "playchess.com"]
[Source "ChessBase"]
[SourceQuality "1"]
[TimeControl "5400+30"]

1. Nf3 f5 2. g3 Nf6 3. Bg2 g6 4. O-O Bg7 5. b3 d6 6. d4 O-O 7. Bb2 Nbd7 8. d5 Qe8 9. c4 e5 10. dxe6 Qxe6 11. Nc3 a6 12. Nd5 Nxd5 13. Ng5 Qe7 14. Bxd5+ Kh8 15. Bxg7+ Qxg7 16. Ne6 Qe5 17. Nxf8 Nxf8 18. e3 c5 19. Qd2 Nd7 20. Rad1 a5 21. f4 Qe7 22. Rfe1 Nf6 23. Qc3 Be6 24. e4 Bxd5 25. exd5 Qg7 26. Re6 Ne4 27. Qxg7+ Kxg7 28. Re7+ Kf6 29. Rxh7 Rb8 30. g4 fxg4 31. Re1 Re8 32. Kg2 g5 33. Rh6+ Kf5 34. Re6 Rxe6 35. dxe6 gxf4 36. Rxe4 1-0

[Event "98th Caplin Hastings Masters 2024-25"]
[Site "Hastings"]
[Date "2024.12.28"]
[Round "1.45"]
[White "Wilson, Matthew R"]
[Black "Hu, Junyan"]
[Result "0-1"]
[ECO "B22"]
[WhiteElo "1766"]
[BlackElo "1933"]
[Annotator "NA RC"]
[PlyCount "92"]
[EventDate "2024.12.23"]
[EventType "swiss"]
[EventCountry "ENG"]
[SourceTitle "playchess.com"]
[Source "ChessBase"]
[SourceQuality "1"]
[TimeControl "5400+30"]

1. e4 c5 2. Nf3 e6 3. c3 d5 4. exd5 Qxd5 5. d4 Nf6 6. Na3 Nc6 7. Be3 cxd4 8. Nb5 Qd7 9. Nbxd4 Be7 10. Bb5 Qc7 11. O-O O-O 12. Nxc6 bxc6 13. Bd3 Rd8 14. Qc2 Bb7 15. Bd4 h6 16. Be5 Qb6 17. Nd2 c5 18. Nc4 Qc6 19. f3 Ba6 20. b3 Nd5 21. Rfe1 Bg5 22. Kf2 Bxc4 23. bxc4 Nb6 24. Be4 Qe8 25. Re2 Rac8 26. Bb7 Nxc4 27. Bxc8 Nxe5 28. Ba6 Qc6 29. Qe4 Qxa6 30. Qxe5 Rd5 31. Qe4 Qb6 32. Rb1 Qc7 33. g3 c4 34. Reb2 Qc5+ 35. Kg2 g6 36. h4 Bf6 37. Rb8+ Kg7 38. Qc2 Qd6 39. R8b2 Rd3 40. Qf2 Bxc3 41. Rc2 Bd4 42. Qe2 Be5 43. Kh3 Bxg3 44. Rxc4 Rd2 45. Qe4 Rh2+ 46. Kg4 h5+ 0-1

[Event "98th Caplin Hastings Masters 2024-25"]
[Site "Hastings"]
[Date "2024.12.28"]
[Round "1.46"]
[White "Fryer, David W"]
[Black "Jacobs, Simon"]
[Result "1/2-1/2"]
[ECO "B12"]
[WhiteElo "1928"]
[BlackElo "1756"]
[Annotator "NA"]
[PlyCount "117"]
[EventDate "2024.12.23"]
[EventType "swiss"]
[EventCountry "ENG"]
[SourceTitle "playchess.com"]
[Source "ChessBase"]
[SourceQuality "1"]
[TimeControl "5400+30"]

1. e4 c6 2. d4 d5 3. e5 c5 4. dxc5 e6 5. Qg4 h5 6. Qf4 Bxc5 7. Nc3 f6 8. Bd3 Nc6 9. Nf3 g5 10. Bg6+ Kd7 11. Qg3 g4 12. Nh4 Nxe5 13. O-O Ne7 14. Bd3 Nxd3 15. Qxd3 b6 16. Ne4 Nc6 17. Ng6 Rg8 18. Nxc5+ bxc5 19. Nf4 Ne5 20. Qb5+ Kd6 21. b4 Qb6 22. bxc5+ Qxc5 23. Qxc5+ Kxc5 24. Ba3+ Kc6 25. Be7 Ng6 26. Nxg6 Rxg6 27. Rfe1 e5 28. c3 Ba6 29. a4 Re8 30. Ba3 h4 31. Rab1 g3 32. h3 gxf2+ 33. Kxf2 Reg8 34. Rg1 Bd3 35. Rb2 Be4 36. Kf1 a5 37. Rf2 f5 38. Be7 Rg3 39. Bxh4 Rxc3 40. Ra2 Rc2 41. Rxc2+ Bxc2 42. Bf6 Kd6 43. g4 fxg4 44. hxg4 Bxa4 45. g5 Be8 46. Ke2 a4 47. Kd2 e4 48. Kc3 Kc5 49. Be7+ Kc6 50. Ra1 Kd7 51. Bf6 Ke6 52. Kd4 Bd7 53. Rb1 Rc8 54. Rb6+ Rc6 55. Rxc6+ Bxc6 56. Ke3 Kf5 57. Be7 a3 58. Bxa3 Kxg5 59. Bb2 $11 1/2-1/2